 Dungeon Crawl Stone Soup version 0.31.0-1-g2c135a008e (webtiles) character file.

Game seed: 8433511100056430885

551 qw the Shooter (level 7, 0/52 HPs)
             Began as a Djinni Hunter on Jan 24, 2024.
             Slain by an ogre
             ... wielding a +0 giant club
              (7 damage)
             ... on level 5 of the Dungeon.
             The game lasted 00:00:17 (4070 turns).

qw the Shooter (Djinni Hunter)                      Turns: 4070, Time: 00:00:17

Health: 0/52       AC:  8    Str: 10    XL:     7   Next: 54%
Gold:   312        EV: 11    Int: 10    God:
                   SH:  0    Dex: 19

rFire   + + +        a - +0 shortbow
rCold   x . .        (shield currently unavailable)
rNeg    . . .        h - +1 ring mail {rF+}
rPois   inf          g - +1 helmet
rElec   .            (no cloak)
rCorr   .            (no gloves)
SInv    .            (boots unavailable)
Will    .....        (no amulet)
Stlth   +            (no ring)
HPRegen 0.28/turn    (no ring)
MPRegen 0.00/turn

%: infuse magic (-1 HP)
@: about to teleport, flying
A: sickness immunity, fire resistance 2, cold vulnerability 1, float, innate
caster, HP casting, extra vitality 1
a: no special abilities


You were on level 5 of the Dungeon.
You visited 1 branch of the dungeon, and saw 5 of its levels.

You collected 312 gold pieces.


Innate Abilities, Weirdness & Mutations

You are immune to sickness and miasma.
You are immune to poison.
Your flesh is very heat resistant. (rF++)
You are vulnerable to cold. (rC-)
You float through the air rather than walking.
You learn spells naturally, not from books.
Your magical power is your life essence.
You have superior vitality. (+4 MHP)


   Skills:
 - Level 4.1 Fighting
 - Level 6.0 Ranged Weapons
 + Level 1.4 Armour
 - Level 3.1 Dodging
 - Level 0.7 Stealth


You knew the following spells:

 Your Spells              Type           Power      Damage    Failure   Level
a - Sting                 Conj/Alch      0%         1d3       67%         1
b - Lesser Beckoning      Tloc           0%         N/A       82%         2
c - Teleport Other        Tloc           0%         N/A       96%         3
Your spell library was empty.

Inventory:

Hand Weapons
 a - a +0 shortbow (weapon)
Armour
 g - a +1 helmet (worn)
 h - a +1 ring mail of fire resistance (worn)
Jewellery
 c - the ring of Monotheism {Wiz rF+}
   (You found it on level 3 of the Dungeon)

   [ring of wizardry]

   Wiz:       It improves your spell success rate.
   rF+:       It protects you from fire.
 e - a +6 ring of intelligence
Wands
 d - a wand of mindburst (12)
Potions
 b - a potion of degeneration {unknown}
 f - a potion of might
 i - a potion of haste
 j - a potion of attraction {unknown}

Dungeon Overview and Level Annotations

Branches:
Dungeon (5/15)
 Temple: D:4-7

Altars:
Makhleb

Shops:
D:2 =

Annotations:
D:5 Blork the orc


Message History

The orc is lightly wounded.
Blork the orc closely misses you. The orc closely misses you.
Blork the orc hits you with a +2 dire flail of draining!
You shoot an arrow.
The arrow hits Blork the orc but does no damage.
Blork the orc is lightly wounded.
Blork the orc hits you with a +2 dire flail of draining!
The orc hits you with a +0 mace.
You shoot an arrow. The arrow hits Blork the orc.
Blork the orc is lightly wounded.
Blork the orc begins to cast a cantrip, but forgets the words!
Blork the orc hits you with a +2 dire flail of draining!
The orc hits you with a +0 mace.
You shoot an arrow. The arrow hits Blork the orc.
Blork the orc is lightly wounded.
Blork the orc points at you and mumbles some strange words.
The magic dart hits you but does no damage.
The orc hits you with a +0 mace. Blork the orc barely misses you.
You shoot an arrow.
The arrow hits Blork the orc but does no damage.
Blork the orc is lightly wounded.
Blork the orc hits you with a +2 dire flail of draining.
The orc hits you with a +0 mace.
Blork the orc hits you with a +2 dire flail of draining.
The ogre closely misses you. The orc hits you with a +0 mace.
4068 ||| READING scroll of teleportation.
As you read the scroll of teleportation, it crumbles to dust.
You feel strangely unstable.
Blork the orc hits you but does no damage.
Blork the orc looks satisfied for a moment.
The orc closely misses you.
You shoot an arrow. The arrow hits Blork the orc.
Blork the orc is moderately wounded.
Blork the orc barely misses you. The ogre closely misses you.
The orc hits you but does no damage.
Blork the orc hits you but does no damage.
You shoot an arrow. The arrow hits Blork the orc.
Blork the orc is moderately wounded.
Blork the orc closely misses you. The ogre hits you with a +0 giant club!
You die...

~~~~~~~~~###~~~~~~~.
~~~~~~~~~~~~~~~~~~~.
.(~~~~~~~~~~~~~~~~~
#...~~~~~~~~~~~~~#
..>....~~~~~~~...#
.........##..)...#
#..........>.#
#..#.##.....##
#..#<##..@$.#
........##.Ooo.#
........##..B.....
...............#####
#...............
#########..?...##
#....... #.......


You could see Blork the orc (fast), an ogre, a bombardier beetle and an orc.

Vanquished Creatures
  A phantom (D:4)
  A scorpion (D:4)
  A bombardier beetle (D:4)
  2 hounds (D:4)
  2 orc priests
  Jessica (D:3)
  Natasha (thrice) (D:4)
  2 orc wizards (D:4)
  5 adders
  2 dart slugs (D:2)
  2 ribbon worms
  7 orcs
  An endoplasm (D:2)
  3 giant cockroaches
  9 goblins
  3 hobgoblins
  A quokka (D:4)
  3 ball pythons
  4 bats
  7 frilled lizards
  9 kobolds
  6 rats
75 creatures vanquished.

Notes
Turn   | Place    | Note
-------+----------+-------------------------------------------
     0 | D:1      | qw the Djinni Hunter began the quest for the Orb.
     0 | D:1      | Reached XP level 1. HP: 18/18 MP: 0/0
     0 | D:1      | 0 ||| qw: Version: 0.3-a-136-gdd3b4e8
     0 | D:1      | 0 ||| qw: Game counter: 1370
     0 | D:1      | 0 ||| qw: Melee chars always use a shield: true
     0 | D:1      | 0 ||| qw: God list: Okawaru
     0 | D:1      | 0 ||| qw: Allow faded altars: false
     0 | D:1      | 0 ||| qw: Do Orc after clearing Dungeon:15 true
     0 | D:1      | 0 ||| qw: Do second Lair branch before Depths: true
     0 | D:1      | 0 ||| qw: Lair rune preference: random
     0 | D:1      | 0 ||| qw: Goals: Normal
     0 | D:1      | 0 ||| PLANNING D:1-11
   209 | D:1      | Reached XP level 2. HP: 23/23 MP: 0/0
   213 | D:1      | Found a faded altar of an unknown god.
   214 | D:1      | Noticed a great orb of eyes
   220 | D:1      | Noticed a great orb of eyes
   482 | D:1      | Noticed an eye of devastation
   487 | D:1      | Noticed a golden eye
   654 | D:1      | 654 ||| UPGRADING to +0 ring mail.
   664 | D:1      | 664 ||| DROPPING +0 leather armour.
   665 | D:1      | 665 ||| UPGRADING to +0 helmet.
   670 | D:1      | 670 ||| UPGRADING to +1 ring mail of fire resistance.
   680 | D:1      | 680 ||| DROPPING +0 ring mail.
   681 | D:1      | 681 ||| READING scroll labelled QOPOREKKOO.
   681 | D:1      | 681 ||| ENCHANTING +0 helmet.
   682 | D:1      | 682 ||| READING scroll labelled NUODAI OMMO.
   685 | D:1      | 685 ||| DROPPING scroll of butterflies.
   715 | D:2      | 715 ||| STAIRDANCE
   756 | D:2      | Reached skill level 1 in Armour
   756 | D:2      | Reached XP level 3. HP: 28/28 MP: 0/0
   756 | D:2      | Learned a level 1 spell: Sting
   988 | D:2      | Reached skill level 4 in Ranged Weapons
  1092 | D:2      | Found Suat Wei's Jewellery Boutique.
  1098 | D:2      | Reached XP level 4. HP: 33/33 MP: 0/0
  1103 | D:2      | 1103 ||| SHOPLISTING +6 ring of strength (360 gold, have
                  | 108).
  1103 | D:2      | 1103 ||| SHOPLISTING amulet of regeneration (300 gold, have
                  | 108).
  1103 | D:2      | 1103 ||| SHOPLISTING ring "Juextiuw" {MP+9 Str+4 Int-4
                  | Dex+3 SInv} (375 gold, have 108).
  1103 | D:2      | 1103 ||| SHOPLISTING ring "Orghoewip" {rPois Int+8 Dex+3
                  | Slay-6} (249 gold, have 108).
  1103 | D:2      | 1103 ||| SHOPLISTING ring of positive energy (200 gold,
                  | have 108).
  1409 | D:2      | 1409 ||| READING 2 scrolls labelled IKHLUPT ETREE.
  1409 | D:2      | 1409 ||| IDENTIFYING cyan potion
  1410 | D:2      | 1410 ||| READING scroll of identify.
  1410 | D:2      | 1410 ||| IDENTIFYING green potion
  1411 | D:2      | 1411 ||| READING scroll labelled ZIRUFO VAIFFI.
  1412 | D:2      | 1412 ||| DRINKING 2 red potions.
  1413 | D:2      | 1413 ||| DROPPING potion of lignification.
  1601 | D:3      | Found a burning altar of Makhleb.
  1713 | D:3      | HP: 4/34 [orc priest/+0 flail (6)]
  1718 | D:3      | Reached skill level 3 in Fighting
  1718 | D:3      | Reached XP level 5. HP: 6/40 MP: 0/0
  1718 | D:3      | Learned a level 2 spell: Lesser Beckoning
  1854 | D:3      | Identified the ring of Monotheism {Wiz rF+}
  2107 | D:3      | Noticed Jessica
  2116 | D:3      | Killed Jessica
  2440 | D:3      | 2440 ||| READING 2 scrolls of identify.
  2440 | D:3      | 2440 ||| IDENTIFYING bubbling orange potion
  2441 | D:3      | 2441 ||| READING scroll of identify.
  2441 | D:3      | 2441 ||| IDENTIFYING glowing coppery potion
  2442 | D:3      | 2442 ||| READING scroll labelled QOHYGREVVO.
  2443 | D:3      | 2443 ||| DROPPING potion of magic.
  2540 | D:4      | Reached XP level 6. HP: 33/46 MP: 0/0
  2549 | D:4      | 2549 ||| FLEEEEING.
  2550 | D:4      | 2550 ||| FLEEEEING.
  2551 | D:4      | 2551 ||| FLEEEEING.
  2552 | D:4      | 2552 ||| FLEEEEING.
  2555 | D:4      | 2555 ||| FLEEEEING.
  2591 | D:4      | 2591 ||| DRINKING potion of curing.
  2591 | D:4      | 2591 ||| (to cure confusion)
  2606 | D:4      | Reached skill level 5 in Ranged Weapons
  2767 | D:4      | Reached skill level 3 in Dodging
  2962 | D:4      | Noticed Natasha
  2968 | D:4      | Killed Natasha
  2969 | D:4      | Reached XP level 7. HP: 49/52 MP: 0/0
  2969 | D:4      | Learned a level 3 spell: Teleport Other
  3192 | D:4      | Noticed Natasha
  3199 | D:4      | 3199 ||| RETREEEEATING.
  3200 | D:4      | 3200 ||| RETREEEEATING.
  3201 | D:4      | 3201 ||| RETREEEEATING.
  3202 | D:4      | 3202 ||| RETREEEEATING.
  3203 | D:4      | 3203 ||| RETREEEEATING.
  3205 | D:4      | 3205 ||| RETREEEEATING.
  3207 | D:4      | Killed Natasha
  3593 | D:4      | Noticed Natasha
  3606 | D:4      | HP: 13/52 [Natasha (6)]
  3608 | D:4      | Killed Natasha
  3783 | D:4      | Reached skill level 6 in Ranged Weapons
  3973 | D:4      | 3973 ||| READING scroll of identify.
  3973 | D:4      | 3973 ||| IDENTIFYING fizzy dark potion
  3974 | D:4      | 3974 ||| READING scroll labelled BIBIYF WIYLA HAE.
  3975 | D:4      | 3975 ||| DROPPING potion of berserk rage.
  4044 | D:5      | Entered Level 5 of the Dungeon
  4057 | D:5      | Noticed Blork the orc
  4067 | D:5      | HP: 12/52 [orc/+0 mace (2)]
  4068 | D:5      | 4068 ||| READING scroll of teleportation.
  4070 | D:5      | Slain by an ogre

Levels and vault maps discovered:
D:1:      dpeg_arrival_three_smaller_balls, layout_basic,
          hellmonk_ecumenical_altar_watching_god
D:2:      layout_loops_ring, serial_shops, shop, minmay_misc_feat_alley
D:3:      layout_loops_corners, old_standard_altar, uniq_jessica
D:4:      cheibrodos_pilgrimage, layout_loops_corners, st_stairs_13,
          uniq_natasha
D:5:      wander_river, layout_basic, minitemple, grunt_decor_fettered,
          saegor_snake_ambush, uniq_blork_the_orc, uniq_sigmund, uniq_eustachio

Skill      XL: |  1  2  3  4  5  6  7 |
---------------+----------------------+-----
Armour         | 1 |  1.4
Ranged Weapons | 4 5 6 |  6.0
Fighting       | 3 4 |  4.1
Dodging        | 3 |  3.1
Stealth        | |  0.7

Action                     |  1- 3 |  4- 6 |  7- 9 || total
---------------------------+-------+-------+-------++-------
   Fire: Shortbow          |    73 |   188 |    70 ||   331
    Use: Scroll            |     2 |     6 |     3 ||    11
         Potion            |       |     2 |       ||     2
 Armour: Leather armour    |     4 |       |       ||     4
         Ring mail         |     9 |   108 |    63 ||   180
  Dodge: Dodged            |    14 |    89 |    36 ||   139

Table legend:
 A = Non-vault XP
 B = Vault XP
 C = Vault XP percentage of total XP
 D = Non-vault monster count
 E = Vault monster count
 F = Vault count percentage of total count
                 A         B        C        D         E       F
            +---------+---------+-------+---------+---------+-------
      Total |     586 |     202 |  25.6 |      67 |       8 |  10.7
            +---------+---------+-------+---------+---------+-------
        D:1 |      20 |       0 |   0.0 |      13 |       0 |   0.0
        D:2 |      65 |       0 |   0.0 |      23 |       0 |   0.0
        D:3 |      83 |      37 |  30.8 |      16 |       1 |   5.9
        D:4 |     415 |     165 |  28.4 |      14 |       7 |  33.3
        D:5 |       3 |       0 |   0.0 |       1 |       0 |   0.0
            +---------+---------+-------+---------+---------+-------
